 Dungeon Crawl Stone Soup version 0.17.2-1-ge4368a0 (webtiles) character file.

6596 Goblin1989 the Cleaver (level 11, 0/97 HPs)
             Began as a Hill Orc Fighter on Dec 21, 2017.
             Killed by vampiric draining
             ... invoked by Josephine
              (18 damage)
             ... on level 10 of the Dungeon.
             The game lasted 00:16:01 (7061 turns).

Goblin1989 the Cleaver (Hill Orc Fighter)           Turns: 7061, Time: 00:16:02

Health: 0/97       AC: 13    Str: 25    XL:     11   Next: 2%
Magic:  11/11      EV:  7    Int:  8    God:
Gold:   444        SH: 11    Dex: 10    Spells: 0 memorised, 10 levels left

rFire  . . .     SeeInvis .     a - +0 war axe
rCold  . . .     Clarity  .     H - +0 chain mail
rNeg   . . .     SustAt   .     c - +0 shield
rPois  .         Gourm    .     q - +0 helmet
rElec  .         Spirit   .     (no cloak)
rCorr  .         Warding  .     L - +0 pair of gloves
rMut   .         Stasis   .     (no boots)
MR     .....                    r - amulet of regeneration
Stlth  ..........               (no ring)
                                o - +2 ring of strength

@: not resistant to hostile enchantments, extremely unstealthy
A: no striking features
a: no special abilities


You were on level 10 of the Dungeon.
You were not hungry.

You visited 1 branch of the dungeon, and saw 10 of its levels.

You collected 444 gold pieces.

Inventory:

Hand Weapons
 a - a +0 war axe (weapon)
 T - the +4 spear "Edosch" {pierce, rC+, unknown}
   (You found it on level 9 of the Dungeon)

   It inflicts extra damage upon your enemies.
   It protects you from cold.
Armour
 c - a +0 shield (worn)
 q - a +0 helmet (worn)
 H - a +0 chain mail (worn)
 L - a +0 pair of gloves (worn)
Jewellery
 o - a +2 ring of strength (left hand)
 r - an amulet of regeneration (around neck)
 O - a ring of fire
 S - a ring of flight {unknown}
Wands
 b - a wand of teleportation (3) {@v3, !v}
 B - a wand of slowing (42)
 C - a wand of confusion (17)
 N - a wand of draining (9)
Scrolls
 g - 7 scrolls of remove curse {unknown}
 h - a scroll of noise {unknown}
 k - 3 scrolls of fog {unknown}
 n - 8 scrolls of identify {unknown}
 p - 3 scrolls of immolation {unknown}
 s - 2 scrolls of magic mapping {unknown}
 t - 3 scrolls of random uselessness {unknown}
 w - a scroll of blinking {unknown}
 D - a scroll of enchant armour {unknown}
 F - a scroll of enchant weapon {unknown}
 J - a scroll of fear {unknown}
 K - 2 scrolls of teleportation {unknown}
 R - a scroll of recharging {unknown}
Potions
 d - a potion of might
 f - 2 potions of degeneration {unknown}
 j - 7 potions of curing {@q1}
 l - 2 potions of heal wounds {unknown}
 m - a potion of ambrosia {unknown}
 v - 2 potions of cure mutation {unknown}
 x - a potion of resistance {unknown}
 y - a potion of agility {unknown}
 z - a potion of invisibility {unknown}
 A - a potion of lignification {unknown}
 I - 2 potions of berserk rage {unknown}
 M - 2 potions of poison {unknown}
 P - 2 potions of flight {unknown}
Comestibles
 e - 8 bread rations {@e1}
 i - 5 meat rations {@e2}
 u - 2 beef jerkies
 E - a royal jelly
 G - 5 fruits
 Q - 9 slices of pizza


   Skills:
 + Level 9.2 Fighting
 * Level 13.6 Axes
 + Level 8.7 Armour
 + Level 8.7 Shields


You had 10 spell levels left.
You didn't know any spells.

Dungeon Overview and Level Annotations

Branches:
Dungeon (10/15)            Temple (0/1) D:7             Orc (0/4) D:9
   Lair: D:8-11

Altars:
Gozag
Nemelex Xobeh
Ru
Trog
Vehumet

Shops:
D:6 =   D:10 [

Annotations:
D:6 exclusion: statue
D:10 Josephine


Message History

Josephine shouts!
You block the vampire's attack. x2
The rat barely misses you.
Unknown command.
You slash the vampire!
The vampire is moderately damaged.
You barely miss the rat. The vampire closely misses you. The vampire bites you.
The vampire draws strength from your injuries!
You block the rat's attack.
You take 3 damage, and have 74/97 hp.
Unknown command.
Your shield and chain mail prevent you from hitting the vampire.
The vampire is moderately damaged.
You closely miss the rat.
The vampire is infused with unholy energy.
The vampire draws life force from you and is healed!
You take 7 damage, and have 67/97 hp.
Unknown command.
You slash the vampire!
The vampire is severely damaged.
You closely miss Josephine.
The vampire is infused with unholy energy.
The vampire draws life force from you and is healed!
You take 13 damage, and have 54/97 hp.
Unknown command.
You are too injured to fight recklessly!
Unknown command.
You are too injured to fight recklessly!
Unknown command.
Unknown command.
You are too injured to fight recklessly!
Unknown command.
You are too injured to fight recklessly!
Unknown command.
You are too injured to fight recklessly!
Unknown command.
You completely miss Josephine. You hit the vampire.
The vampire is moderately damaged.
You block Josephine's attack.
A water moccasin zombie comes into view.
Unknown command.
You slash Josephine!
Josephine is lightly wounded.
Your shield and chain mail prevent you from hitting the vampire.
The vampire is moderately damaged.
You block the vampire's attack. x2
Josephine hits you but does no damage.
A river rat comes into view.
You hit Josephine.
Josephine is lightly wounded.
You closely miss the vampire.
The vampire is moderately damaged.
The vampire barely misses you.
The vampire bites you but does no damage.
Josephine hits you but does no damage.
The river rat moves out of view.
A wraith comes into view.
You slash Josephine!
Josephine is moderately wounded.
You slash the vampire!
The vampire is severely damaged.
The vampire hits you! The vampire bites you!
* * * LOW HITPOINT WARNING * * *
The vampire draws strength from your injuries!
You block Josephine's attack.
You take 14 damage, and have 41/97 hp.
You hit Josephine.
Josephine is moderately wounded.
You slash the vampire!
The vampire is almost destroyed.
The vampire hits you!
* * * LOW HITPOINT WARNING * * *
The vampire bites you.
* * * LOW HITPOINT WARNING * * *
The vampire draws strength from your injuries!
You take 10 damage, and have 31/97 hp.
You slash Josephine!
Josephine is heavily wounded.
Your chain mail prevents you from hitting the vampire.
The vampire is almost destroyed.
You block Josephine's attack.
The vampire is infused with unholy energy.
* * * LOW HITPOINT WARNING * * *
The vampire draws life force from you and is healed!
A wraith comes into view.
You take 16 damage, and have 15/97 hp.
You barely miss Josephine.
Josephine is heavily wounded.
You hit the vampire but do no damage.
The vampire is heavily damaged.
Josephine hits you but does no damage. You block the vampire's attack.
The vampire barely misses you.
Unknown command.
You slash Josephine!
Josephine is severely wounded.
Josephine laughs insanely.
Josephine hits you but does no damage.
You barely miss Josephine.
Josephine is severely wounded.
Josephine is infused with unholy energy.
You die...

█.█...███.█
..... █.█
█.█.█<....█
.P.. █.█
█.█...█████
..P. █.█
█.██.██
██..
...████.█
█.█...█████
█.W.
....T...█
█..........
.r█ █.█.█
███...█████


█W█ █.█.█ ██.██ ████V████████.█.█ █.█ █.@@Z...........███ █.█
█.███.███████...... █.███████.█ .█ ███.███ █.........█ .█ █.█ ███████████ .█ █.█
.█ █.█ .█ █.█ ██████.███ ...[....... You could see Josephine, a vampire and a
water moccasin zombie.

Vanquished Creatures
  3 hill giants
  A centaur skeleton (D:10)
  A troll (D:10)
  Grinder (D:5)
  5 yaks (D:10)
  A spriggan (D:8)
  Eustachio (D:4)
  2 hippogriffs (D:9)
  A water moccasin (D:7)
  4 ogres
  An orc warrior (D:8)
  2 phantoms (D:9)
  A sky beast (D:10)
  3 centaurs
  2 big kobolds
  2 giant frogs
  2 scorpions
  3 killer bees (D:6)
  4 giant frog zombies
  10 orc wizards
  6 giant frog skeletons
  6 hounds
  4 crimson imps
  A jelly (D:6)
  5 orc priests
  7 worker ants
  3 iguanas
  A hound skeleton (D:4)
  A worker ant zombie (D:6)
  9 adders
  A shadow imp (D:5)
  2 river rats (D:10)
  An ooze (D:6)
  An adder zombie (D:9)
  2 worms
  11 giant geckos
  33 orcs
  A ball python (D:3)
  3 giant cockroaches
  5 goblins
  12 hobgoblins
  13 jackals
  24 kobolds
  3 quokkas
  7 bats
  A giant gecko skeleton (D:4)
  5 giant newts
  A quokka skeleton (D:6)
  9 rats
228 creatures vanquished.

Vanquished Creatures (others)
  42 fungi (D:10)
  19 plants (D:10)
61 creatures vanquished.

Grand Total: 289 creatures vanquished

Notes
Turn   | Place    | Note
--------------------------------------------------------------
     0 | D:1      | Goblin1989 the Hill Orc Fighter began the quest for the Orb.
     0 | D:1      | Reached XP level 1. HP: 19/19 MP: 1/1
   189 | D:1      | Found a sparkling altar of Nemelex Xobeh.
   198 | D:1      | Reached XP level 2. HP: 23/26 MP: 2/2
   455 | D:1      | Reached skill level 4 in Axes
   844 | D:1      | Reached XP level 3. HP: 31/31 MP: 3/3
  1045 | D:2      | Reached skill level 5 in Axes
  1092 | D:2      | Reached XP level 4. HP: 38/40 MP: 4/4
  1457 | D:3      | Found an opulent altar of Gozag.
  2098 | D:4      | Reached skill level 6 in Axes
  2098 | D:4      | Reached XP level 5. HP: 43/46 MP: 5/5
  2117 | D:4      | Noticed an ogre
  2146 | D:4      | Found a sparkling altar of Nemelex Xobeh.
  2167 | D:4      | Reached XP level 6. HP: 50/52 MP: 6/6
  2204 | D:4      | Killed an ogre
  2204 | D:4      | Reached skill level 7 in Axes
  2340 | D:4      | Noticed Eustachio
  2356 | D:4      | Killed Eustachio
  2356 | D:4      | Reached skill level 5 in Fighting
  2356 | D:4      | Reached XP level 7. HP: 56/61 MP: 7/7
  2409 | D:4      | Noticed an ogre
  2417 | D:4      | Killed an ogre
  2417 | D:4      | Reached skill level 5 in Shields
  2531 | D:4      | Reached skill level 8 in Axes
  2926 | D:5      | Entered Level 5 of the Dungeon
  2999 | D:5      | Noticed Grinder
  3016 | D:5      | Paralysed by Grinder for 2 turns
  3028 | D:5      | Paralysed by Grinder for 3 turns
  3037 | D:5      | Killed Grinder
  3037 | D:5      | Reached skill level 5 in Armour
  3037 | D:5      | Reached XP level 8. HP: 35/70 MP: 8/8
  3084 | D:5      | Reached skill level 9 in Axes
  3842 | D:6      | Found Itrot's Jewellery Shoppe.
  4062 | D:6      | Found a radiant altar of Vehumet.
  4276 | D:6      | Reached skill level 10 in Axes
  4276 | D:6      | Reached XP level 9. HP: 69/78 MP: 9/9
  4448 | D:7      | You fall through a shaft for 3 floors!
  4448 | D:10     | Entered Level 10 of the Dungeon
  4476 | D:10     | Noticed a hill giant
  4478 | D:10     | Found Faten's Antique Armour Shop.
  4496 | D:10     | Killed a hill giant
  4633 | D:10     | Noticed a hill giant
  4633 | D:10     | Noticed a centaur skeleton
  4650 | D:10     | Killed a centaur skeleton
  4650 | D:10     | Reached skill level 11 in Axes
  4776 | D:10     | Killed a hill giant
  4869 | D:10     | Reached XP level 10. HP: 59/88 MP: 10/10
  4876 | D:10     | Reached skill level 12 in Axes
  5510 | D:7      | Found a staircase to the Ecumenical Temple.
  5594 | D:8      | Found a bloodstained altar of Trog.
  6164 | D:9      | Reached skill level 13 in Axes
  6304 | D:9      | Found a sacrificial altar of Ru.
  6644 | D:9      | Got a steaming spear
  6664 | D:9      | Found a sparkling altar of Nemelex Xobeh.
  6691 | D:9      | Noticed a hill giant
  6706 | D:9      | Killed a hill giant
  6818 | D:9      | Found a staircase to the Orcish Mines.
  7044 | D:10     | Reached XP level 11. HP: 74/97 MP: 11/11
  7047 | D:10     | Noticed Josephine
  7061 | D:10     | Killed from afar by Josephine

Action                   |  1- 3 |  4- 6 |  7- 9 | 10-12 || total
-------------------------+-------+-------+-------+-------++-------
Melee: War axe           |   103 |   163 |   252 |   301 ||   819
  Use: Potion            |       |       |     2 |       ||     2
  Eat: Chunk             |       |     6 |     9 |    10 ||    25

Vault maps used:
D:1:      lightli_arrival_boilingwater, nemelex_deck
D:3:      kennysheep_big_flooded_room, grunt_gozag_statues
D:4:      nicolae_overflow_crystal_walls, first_bread, uniq_eustachio
D:5:      uniq_grinder
D:6:      vehumet_statue, serial_shops, shop
D:7:      minmay_temple_entry_junction2, small_statue_intersection
D:8:      old_standard_altar, serial_glass, glass_columns_b, glass_columns_a,
          feat_on_display, minmay_strange_pillars, feat_on_display,
          grunt_pizzeria, kennysheep_nondescript, kennysheep_generic_room_14
D:9:      kennysheep_mini_moat, orc_0_dummy, basic_altar
D:10:     due_lair_maze_entry_diamond, serial_shops, nicolae_shop_statue_plus,
          uniq_josephine
